 Dungeon Crawl Stone Soup version 0.19-a0-1815-g4007336 (webtiles) character file.

76 rgaf the Insei (level 4, 0/28 HPs)
             Began as an Octopode Transmuter on Oct 5, 2016.
             Slain by Robin
             ... wielding a +0 club
              (4 damage)
             ... on level 2 of the Dungeon.
             The game lasted 00:02:25 (1748 turns).

rgaf the Insei (Octopode Transmuter)                Turns: 1748, Time: 00:02:25

Health: 0/28       AC:  1    Str:  9    XL:     4   Next: 32%
Magic:  7/7        EV: 13    Int: 16    God:
Gold:   52         SH:  0    Dex: 12    Spells: 1 memorised, 6 levels left

rFire  . . .     SeeInvis .       - Unarmed
rCold  . . .     Gourm    .     (no shield)
rNeg   . . .     Faith    .     (helmet restricted)
rPois  .         Spirit   .     (no amulet)
rElec  .         Dismiss  .     (no ring)
rCorr  .         Reflect  .     (no ring)
MR     .....     Harm     .     (no ring)
Stlth  ++........               (no ring)
                                (no ring)
                                (no ring)
                                (no ring)
                                (no ring)

@: no status effects
A: almost no armour, stealthy swim, amphibious, 8 rings, constrict 8, camouflage
1, gelatinous body 1
a: no special abilities


You were on level 2 of the Dungeon.
You were hungry.

You visited 1 branch of the dungeon, and saw 2 of its levels.

You collected 52 gold pieces.

Inventory:

Missiles
 a - 12 arrows
Scrolls
 d - a scroll of recharging {unknown}
 k - a scroll of enchant weapon {unknown}
 l - a scroll of fog {unknown}
Potions
 e - 3 potions of curing {unknown}
 g - 2 potions of agility {unknown}
 h - a potion of flight {unknown}
 j - a potion of magic {unknown}
Books
 b - a book of Changes

   Spells                             Type                      Level
   a - Beastly Appendage              Transmutation                1
   b - Sticks to Snakes               Transmutation                2
   c - Spider Form                    Transmutation/Poison         3
   d - Ice Form                       Ice/Transmutation            4
   e - Blade Hands                    Transmutation                5
Comestibles
 c - a bread ration
 f - a meat ration
 i - a beef jerky


   Skills:
 - Level 1.0 Fighting
 - Level 2.0 Dodging
 * Level 4.6 Unarmed Combat
 - Level 2.0 Spellcasting
 + Level 2.7 Transmutations


You had 6 spell levels left.
You knew the following spells:

 Your Spells              Type           Power        Failure   Level  Hunger
a - Beastly Appendage     Tmut           ##....       10%         1    #......


Dungeon Overview and Level Annotations

Branches:
Dungeon (2/15)

Altars:

Annotations:
D:2 Robin


Innate Abilities, Weirdness & Mutations

You cannot wear most types of armour.
You are very stealthy in the water. (Stealth+)
You are amphibious.
You can wear up to eight rings at the same time.
You can use your tentacles to constrict eight enemies at once.
Your skin changes colour to match your surroundings (Stealth+).
Your rubbery body absorbs attacks. (AC +1, EV +1)


Message History

Things that are here:
an uncursed dagger of flaming; an uncursed hunting sling; 16 stones
There is a stone staircase leading up here.
You see here a stone.
The goblin is too close now for your liking.
The goblin shouts!
Robin shouts!
There is an open door here.
Robin throws the goblin at you! The goblin hits you with a falchion.
You closely miss the goblin. You grab the goblin. You constrict the goblin.
You tentacle-slap the goblin but do no damage.
The goblin is moderately wounded.
You constrict the goblin. The goblin hits you with a falchion!
Robin roars a battlecry!
The goblin goes into a battle-frenzy!
You barely miss the goblin.
The goblin is heavily wounded.
You constrict the goblin. The goblin hits you with a falchion!
* * * LOW HITPOINT WARNING * * *
Robin hits you with a club.
You die...

#.#..#
#########)##(#
#..........#>#####
#................#
#..........)####.#
#...........#..#
#..........<#..#
#.............g#
#########'#.##@#
#.#.##g#
#.#.........#
..#.........#
##..........#
#.#........#
#.#........# .
......#### #
..##.###


You could see Robin and a goblin.

Vanquished Creatures
  An adder (D:2)
  2 oozes
  A dart slug (D:1)
  A leopard gecko (D:2)
  2 giant cockroaches
  14 goblins
  7 hobgoblins
  4 jackals (D:1)
  6 bats
  A frilled lizard (D:1)
  3 kobolds
  4 rats
46 creatures vanquished.

Notes
Turn   | Place    | Note
-------+----------+-------------------------------------------
     0 | D:1      | rgaf the Octopode Transmuter began the quest for the Orb.
     0 | D:1      | Reached XP level 1. HP: 13/13 MP: 3/3
   308 | D:1      | Reached XP level 2. HP: 18/18 MP: 5/5
   556 | D:1      | Reached XP level 3. HP: 16/23 MP: 6/6
   656 | D:1      | Reached skill level 4 in Unarmed Combat
  1108 | D:2      | Noticed Robin
  1420 | D:2      | Reached XP level 4. HP: 22/28 MP: 7/7
  1748 | D:2      | Slain by Robin

Vault maps used:
D:1:      mrwooster_arrival_statue_3
D:2:      uniq_sigmund, uniq_robin

Skill      XL: |  1  2  3 |
---------------+----------+-----
Unarmed Combat | 4 |  4.6
Fighting       | |  1.0
Dodging        | |  2.0
Spellcasting   | |  2.0
Transmutations | |  2.7

Action                   |  1- 3 |  4- 6 || total
-------------------------+-------+-------++-------
Melee: Unarmed           |    81 |    31 ||   112
       Tentacles         |    14 |     3 ||    17
       Constrict         |    22 |     9 ||    31
       Punch             |     2 |     1 ||     3
 Stab: Sleeping          |     4 |       ||     4
       Distracted        |     1 |       ||     1
  Eat: Chunk             |     1 |     1 ||     2
Armor: Skin              |     8 |       ||     8
Dodge: Dodged            |    65 |    18 ||    83
